[Event "Team 45 45 League T70"]
[Site "Internet Chess Club"]
[Date "2016.09.29"]
[Round "4"]
[White "Aquaman"]
[Black "dabodhi"]
[Result "1-0"]
[WhiteElo "1372"]
[BlackElo "1310"]
[Opening "Queen's pawn: London system"]
[ECO "A45"]
[Time "15:31:11"]
[TimeControl "2700+45"]

1. d4 Nf6 2. Bf4 e6 3. e3 c5 4. c3 b6 5. Nf3 Bb7 6. Be2 Be7 7. O-O O-O 8. h3 d6
9. Nbd2 Nbd7 10. Rc1 Rc8 11. Qc2 cxd4 12. exd4 Nd5 13. Bh2 Nb4 14. Qb1 Nc6 15.
Bd3 h6 16. Be2 e5 17. d5 Ncb8 18. c4 Nf6 19. b3 Na6 20. Bd3 Nc5 21. Be2 Re8 22.
Rfe1 Nh5 23. Nxe5 Nf6 24. Nef3 Bf8 25. Nd4 Nce4 26. Nxe4 Nxe4 27. Bd3 Nf6 28.
Nf5 Rc7 29. Rxe8 Nxe8 30. Re1 Nf6 31. Bg3 Bc8 32. Nd4 Bd7 33. Bh4 g5 34. Bg3 Nh5
35. Bh2 Qf6 36. Nf3 Ng7 37. Qa1 Bf5 38. Qxf6 {Black resigns} 1-0

[Event "Team 45 45 League T70"]
[Site "Internet Chess Club"]
[Date "2016.10.01"]
[Round "4"]
[White "kllrchris"]
[Black "Skeptic1972"]
[Result "1-0"]
[WhiteElo "1723"]
[BlackElo "1521"]
[Opening "French: Tarrasch, open variation"]
[ECO "C07"]
[Time "15:39:59"]
[TimeControl "2700+45"]

1. e4 e6 2. d4 d5 3. Nd2 c5 4. Ngf3 Nc6 5. exd5 Qxd5 6. Bc4 Qh5 7. Be2 Qd5 8.
Bb5 a6 9. Bc4 Qh5 10. Be2 Qd5 11. O-O cxd4 12. Re1 Bc5 13. Bc4 Qd7 14. a3 Nf6
15. Qe2 O-O 16. Ng5 Re8 17. b4 Ba7 18. Bb2 h6 19. Nge4 Nxe4 20. Qxe4 b5 21. Bd3
f5 22. Qe2 Bb7 23. Rad1 e5 24. f3 e4 25. fxe4 fxe4 26. Nxe4 Ne5 27. Kh1 Nxd3 28.
Qxd3 Qd5 29. Nf6+ gxf6 30. Qg6+ Kf8 31. Qxf6+ Qf7 32. Qh8+ Qg8 33. Rf1+ Ke7 34.
Rfe1+ Kd7 35. Rxd4+ Bxd4 36. Qxd4+ Qd5 37. Qg4+ Kc7 38. Qg3+ Kb6 39. Qf2+ Kc7
40. Qg3+ Qd6 41. Be5 Rxe5 42. Rxe5 Rd8 43. h4 Kb8 44. Qf4 Rf8 45. Re8+ {Black
resigns} 1-0

[Event "Team 45 45 League T70"]
[Site "Internet Chess Club"]
[Date "2016.10.01"]
[Round "4"]
[White "Ajolote"]
[Black "SimplyAbed"]
[Result "0-1"]
[WhiteElo "1623"]
[BlackElo "1917"]
[Opening "Sicilian: closed"]
[ECO "B23"]
[Time "19:01:10"]
[TimeControl "2700+45"]

1. e4 c5 2. Nc3 e6 3. g3 Nc6 4. Bg2 a6 5. Nge2 Nf6 6. f4 d6 7. O-O Qc7 8. d3 Be7
9. Be3 Ng4 10. Bd2 Bd7 11. h3 Nf6 12. a4 O-O-O 13. Nc1 Rdg8 14. Nb3 h6 15. h4 e5
16. a5 Bg4 17. Qc1 Kb8 18. Na4 Nh5 19. Kh2 g5 20. fxg5 Bxg5 21. hxg5 hxg5 22.
Bxg5 Nf4+ 23. Bh4 Rxh4+ 24. gxh4 Qe7 25. Rxf4 Qxh4+ 26. Kg1 exf4 27. Qxf4 Ne5
28. Qf2 Qg5 29. Kf1 Rg6 30. Ke1 Rf6 31. Qg3 Nf3+ 32. Bxf3 Qe3+ 33. Kf1 Rxf3+ 34.
Qxf3 Qxf3+ 35. Kg1 Bh3 {White resigns} 0-1

[Event "Team 45 45 League T70"]
[Site "Internet Chess Club"]
[Date "2016.10.01"]
[Round "4"]
[White "Scorpius"]
[Black "fireball"]
[Result "0-1"]
[WhiteElo "1334"]
[BlackElo "1703"]
[Opening "Budapest: Rubinstein variation"]
[ECO "A52"]
[Time "10:01:15"]
[TimeControl "2700+45"]

1. d4 Nf6 2. c4 e5 3. dxe5 Ng4 4. Bf4 d6 5. Nf3 Nc6 6. Nc3 Ngxe5 7. Nxe5 Nxe5 8.
e3 Be6 9. Qa4+ Bd7 10. Qb3 Bc6 11. c5 g5 12. Bxe5 dxe5 13. Bc4 Qe7 14. Nd5 Bxd5
15. Bxd5 c6 16. Be4 O-O-O 17. Bf5+ Kb8 18. O-O Qf6 19. Be4 Bxc5 20. Rfc1 Bb6 21.
a4 Rd2 22. f3 Re2 23. Rc3 Rd8 24. Kf1 Rdd2 25. a5 Rf2+ 26. Ke1 Rde2+ 27. Kd1
Rxb2 28. axb6 Rf1# {White checkmated} 0-1

[Event "Team 45 45 League T70"]
[Site "Internet Chess Club"]
[Date "2016.09.27"]
[Round "4"]
[White "Gojira"]
[Black "Mitochondria"]
[Result "1-0"]
[WhiteElo "1645"]
[BlackElo "1580"]
[Opening "Queen's pawn: London system"]
[ECO "A45"]
[Time "21:00:25"]
[TimeControl "2700+45"]

1. d4 Nf6 2. Bf4 g6 3. e3 Bg7 4. Nf3 O-O 5. h3 d6 6. Be2 Be6 7. O-O Nbd7 8. Nbd2
c5 9. c3 Qb6 10. Qc1 Rfc8 11. Ng5 cxd4 12. exd4 Nf8 13. Nxe6 Nxe6 14. Be3 Nd5
15. Nc4 Qd8 16. Qd1 Nxe3 17. fxe3 Bh6 18. Qd3 b5 19. Nd2 a6 20. Rf2 Nc7 21. Bf3
d5 22. e4 dxe4 23. Nxe4 Ra7 24. Nc5 Nd5 25. Re1 Nf6 26. Qe2 Bg5 27. Rff1 Bh4 28.
Rd1 e6 29. Nxa6 Rxa6 30. Bb7 Rca8 31. Bxa6 Rxa6 32. Qxb5 Rb6 33. Qe2 Nd5 34. c4
Nc7 35. b3 Rb8 36. Rf3 Be7 37. Rdf1 Qxd4+ 38. Kh1 f5 39. Rd3 Qb6 40. Rd7 Re8 41.
Rfd1 Bf6 42. Qd2 e5 43. Rd6 Qc5 44. Rxf6 Ne6 45. Qd7 Qe7 46. Qxe7 Rxe7 47. Rd6
Ng5 48. Rd8+ Kg7 49. Rfd6 e4 50. R8d7 Kf7 51. Rxe7+ Kxe7 52. Rb6 e3 53. Kg1 f4
54. Kf1 Ne4 55. a4 Nd2+ 56. Ke2 Ne4 57. a5 Nc3+ 58. Ke1 Ne4 59. a6 Nf2 60. a7
Nd3+ 61. Kf1 {Black resigns} 1-0

[Event "Team 45 45 League T70"]
[Site "Internet Chess Club"]
[Date "2016.10.03"]
[Round "4"]
[White "Bryant-L"]
[Black "Portola"]
[Result "1-0"]
[WhiteElo "1754"]
[BlackElo "1670"]
[Opening "French: exchange variation"]
[ECO "C01"]
[Time "16:00:53"]
[TimeControl "2700+45"]

1. e4 e6 2. d4 d5 3. exd5 exd5 4. Bd3 Nf6 5. Ne2 Bg4 6. f3 Bh5 7. Bf4 Be7 8. O-O
O-O 9. c3 Nbd7 10. Nd2 c6 11. Bg3 Bg6 12. Nb3 Re8 13. Nf4 Nf8 14. Nxg6 Nxg6 15.
Qc2 Bd6 16. Rae1 Bxg3 17. hxg3 Qc7 18. Bxg6 hxg6 19. g4 Re7 20. Nc1 Rae8 21. Nd3
b6 22. b4 Nd7 23. Qf2 b5 24. Rxe7 Rxe7 25. Re1 Nb6 26. g3 Nc4 27. Kg2 f6 28. Nc5
Kf7 29. f4 f5 30. g5 Nd6 31. a3 Ne4 32. Nxe4 fxe4 33. g4 Qd7 34. Kg3 Re8 35. Qa2
Qe7 36. Re3 Rh8 37. a4 a6 38. axb5 axb5 39. Qa6 Qd7 40. Re1 Rb8 41. Ra1 Rb7 42.
Qa8 e3 43. Kf3 Qe7 44. Re1 Qe4+ 45. Kg3 Re7 46. Qxc6 e2 47. Qxb5 Qe3+ 48. Kg2
Qxf4 49. Qxd5+ Kf8 50. Qf3 Re4 51. Qxf4+ Rxf4 52. Kg3 {Black resigns} 1-0

[Event "Team 45 45 League T70"]
[Site "Internet Chess Club"]
[Date "2016.10.04"]
[Round "4"]
[White "zap2"]
[Black "timothysmall56"]
[Result "0-1"]
[WhiteElo "1743"]
[BlackElo "1737"]
[Opening "Sicilian: Keres variation (2.Ne2)"]
[ECO "B20"]
[Time "08:16:43"]
[TimeControl "2700+45"]

1. e4 c5 2. Ne2 d6 3. g3 e5 4. Bg2 Nf6 5. c3 Nc6 6. d4 cxd4 7. cxd4 exd4 8. Nxd4
Nxd4 9. Qxd4 Be7 10. Nc3 Be6 11. O-O O-O 12. Rd1 a6 13. Bf4 Ne8 14. Nd5 Bxd5 15.
Qxd5 Qb6 16. Qd4 Qxd4 17. Rxd4 Rc8 18. Rc1 Rxc1+ 19. Bxc1 Nf6 20. b3 Rd8 21. Ba3
b5 22. Bb4 Kf8 23. e5 Ne8 24. f4 Kg8 25. Ba5 Rc8 26. Bb7 Rc1+ 27. Kg2 Rc2+ 28.
Rd2 Rxd2+ 29. Bxd2 dxe5 30. Bxa6 Nc7 31. Bb7 exf4 32. Bxf4 Ne6 33. Be5 b4 34.
Be4 f6 35. Bb2 g6 36. Bd5 Kf7 37. Kf3 Bd6 38. h3 Ke7 39. Bxe6 Kxe6 40. Bd4 h5
41. g4 h4 42. Bf2 g5 43. Ke4 Be7 44. Kd4 f5 45. Bg1 fxg4 46. hxg4 Bd6 47. Kc4 h3
48. Kb5 h2 49. Bxh2 Bxh2 50. Kxb4 Ke5 51. a4 Kf4 52. a5 Kxg4 53. a6 Bg1 54. Kb5
Kf4 55. Kc6 g4 56. b4 g3 57. b5 g2 58. Kb7 Be3 59. a7 Bxa7 60. Kxa7 g1=Q+ 61. b6
Ke5 62. Ka8 Qa1+ 63. Kb8 Kd6 64. Kb7 Kd7 65. Kb8 Kc6 66. b7 Qb2 {White resigns}
0-1

[Event "Team 45 45 League T70"]
[Site "Internet Chess Club"]
[Date "2016.10.02"]
[Round "4"]
[White "MartyJR"]
[Black "idjit"]
[Result "0-1"]
[WhiteElo "1397"]
[BlackElo "1543"]
[Opening "Queen's pawn: London system"]
[ECO "A45"]
[Time "11:00:32"]
[TimeControl "2700+45"]

1. d4 Nf6 2. Bf4 e6 3. e3 b6 4. Nf3 Bb7 5. Nbd2 d6 6. Be2 Be7 7. h3 Nbd7 8. O-O
O-O 9. c3 c5 10. Rc1 Rc8 11. Bd3 Qc7 12. Re1 e5 13. dxe5 dxe5 14. Nxe5 Nxe5 15.
Nc4 Qc6 16. f3 Nxd3 17. Qxd3 Rcd8 18. Qe2 Nd5 19. Ne5 Nxf4 20. exf4 Qc7 21. Ng4
Bh4 22. Red1 Rxd1+ 23. Rxd1 Qxf4 24. Rd7 Bc6 25. Rxa7 Re8 26. Re7 {White
resigns} 0-1

[Event "Team 45 45 League T70"]
[Site "Internet Chess Club"]
[Date "2016.10.03"]
[Round "4"]
[White "Tjet"]
[Black "GideonL"]
[Result "1/2-1/2"]
[WhiteElo "1462"]
[BlackElo "1633"]
[Opening "English: symmetrical variation"]
[ECO "A30"]
[Time "19:00:18"]
[TimeControl "2700+45"]

1. c4 c5 2. g3 Nf6 3. Bg2 e6 4. Nc3 d5 5. cxd5 exd5 6. d3 Nc6 7. Bg5 Be6 8. Nf3
Be7 9. O-O O-O 10. a3 h6 11. Bxf6 Bxf6 12. Rb1 d4 13. Ne4 Be7 14. Ned2 b5 15.
Ne1 Rc8 16. Nc2 Bd5 17. Bxd5 Qxd5 18. Nf3 Ne5 19. Nxe5 Qxe5 20. Ne1 c4 21. Nf3
Qd5 22. dxc4 Rxc4 23. b3 Rcc8 24. Qxd4 Qxd4 25. Nxd4 a6 26. a4 bxa4 27. bxa4 Rc4
28. e3 Rxa4 29. Ra1 Rxa1 30. Rxa1 Ra8 31. Nb5 a5 32. Nc7 Ra7 33. Nd5 Bc5 34. Nc3
Bb4 35. Nd5 Bc5 36. Nc3 Be7 37. Nd5 Bf6 38. Nxf6+ gxf6 39. Ra4 Kf8 40. Kg2 Ke7
41. Kf3 Ke6 42. Kf4 f5 43. h4 f6 44. h5 Ra6 45. e4 fxe4 {Game drawn by mutual
agreement} 1/2-1/2

[Event "Team 45 45 League T70"]
[Site "Internet Chess Club"]
[Date "2016.10.01"]
[Round "4"]
[White "Percival"]
[Black "bss2005"]
[Result "1-0"]
[WhiteElo "2017"]
[BlackElo "1894"]
[Opening "QGD Slav: exchange variation, 6.Bf4 Bf5"]
[ECO "D14"]
[Time "18:01:03"]
[TimeControl "2700+45"]

1. d4 d5 2. c4 c6 3. cxd5 cxd5 4. Nf3 Nf6 5. Nc3 Nc6 6. Bf4 Bf5 7. e3 e6 8. Bb5
Bb4 9. Ne5 Qa5 10. Bxc6+ bxc6 11. O-O Bxc3 12. bxc3 Rc8 13. c4 c5 14. cxd5 Nxd5
15. Nc4 Qa6 16. Nd6+ Ke7 17. Nxc8+ Rxc8 18. dxc5 Nxf4 19. exf4 Bd3 20. Re1 Rxc5
21. Qb3 Bc2 22. Qb4 Qa5 23. a3 Qxb4 24. axb4 Rb5 25. Rxa7+ Kf6 26. Ra2 {Black
resigns} 1-0

[Event "Team 45 45 League T70"]
[Site "Internet Chess Club"]
[Date "2016.10.01"]
[Round "4"]
[White "nurmi"]
[Black "jorobo"]
[Result "1/2-1/2"]
[WhiteElo "2055"]
[BlackElo "1984"]
[Opening "QGD: Tarrasch defense, 4.cd ed"]
[ECO "D32"]
[Time "17:19:20"]
[TimeControl "2700+45"]

1. c4 e6 2. Nc3 d5 3. d4 c5 4. cxd5 exd5 5. dxc5 d4 6. Ne4 Bf5 7. Ng3 Be6 8. Qc2
Qa5+ 9. Bd2 Qxc5 10. Qa4+ Nc6 11. Nf3 Nf6 12. b4 b5 13. bxc5 bxa4 14. e3 dxe3
15. Bxe3 Rb8 16. Nd4 Nxd4 17. Bxd4 Be7 18. Ba6 O-O 19. O-O Bc8 20. Bxc8 Rfxc8
21. Rac1 Rc6 22. Rc4 a3 23. Rfc1 Nd5 24. Kf1 Bf6 25. Ne4 Bxd4 26. Rxd4 Nf4 27.
g3 Ne6 28. Ra4 f5 29. Nd6 Nxc5 30. Rxa3 Rxd6 31. Rxc5 f4 32. gxf4 a6 33. Kg2 Rf8
34. Ra4 g6 35. h4 h5 36. Re4 Rf7 37. a4 Kg7 38. a5 Rf5 39. Re7+ Kf6 40. Rxf5+
Kxf5 41. Rf7+ Kg4 42. Rb7 Kxf4 43. Rb6 Ke5 44. Rxd6 Kxd6 45. Kf3 Ke5 46. Ke3 Kf5
47. Kf3 g5 48. hxg5 Kxg5 49. Kg3 h4+ 50. Kh3 Kf4 51. Kxh4 Kf3 52. Kg5 Kxf2 53.
Kf5 Kf3 54. Ke5 Kg4 55. Kd5 Kf5 56. Kc5 Ke6 57. Kc6 Ke7 58. Kc7 Ke6 59. Kc6 Ke7
60. Kc7 Ke6 61. Kc6 {Game drawn by repetition} 1/2-1/2

[Event "Team 45 45 League T70"]
[Site "Internet Chess Club"]
[Date "2016.09.29"]
[Round "4"]
[White "searchforbobby1"]
[Black "Knight8700"]
[Result "1-0"]
[WhiteElo "1971"]
[BlackElo "1959"]
[Opening "Ponziani: Jaenisch counter-attack"]
[ECO "C44"]
[Time "21:04:37"]
[TimeControl "2700+45"]

1. e4 e5 2. Nf3 Nc6 3. c3 Nf6 4. d4 exd4 5. e5 Ne4 6. Qe2 Nc5 7. cxd4 Ne6 8. d5
Ned4 9. Nxd4 Nxd4 10. Qe4 Bb4+ 11. Nc3 c5 12. Bd3 d6 13. exd6+ Kf8 14. Bf4 Bf5
15. Qe3 Qf6 16. Qe7+ Qxe7+ 17. dxe7+ Kxe7 18. Bxf5 Nxf5 19. O-O-O Bxc3 20. bxc3
Nd6 21. Rhe1+ Kd7 22. Kc2 Rhe8 23. Kd3 b5 24. g4 a5 25. f3 Rac8 26. Bg3 c4+ 27.
Kd4 b4 28. Bxd6 Rxe1 29. Rxe1 Kxd6 30. Rb1 Ra8 31. h4 f6 32. h5 h6 33. cxb4 axb4
34. Rxb4 Rxa2 35. Rb6+ Kc7 36. Rc6+ Kd7 37. Rxc4 Kd6 38. Rc6+ Kd7 39. Rb6 Kc7
40. Rb4 Ra1 41. Ke4 Re1+ 42. Kf5 Re5+ 43. Kg6 Rg5+ 44. Kf7 f5 45. Ke6 fxg4 46.
fxg4 g6 47. d6+ Kc6 48. d7 {Black resigns} 1-0

[Event "Team 45 45 League T70"]
[Site "Internet Chess Club"]
[Date "2016.10.01"]
[Round "4"]
[White "Vinesh1234"]
[Black "LinceHispano44"]
[Result "0-1"]
[WhiteElo "1745"]
[BlackElo "1670"]
[Opening "QGD Slav: exchange variation"]
[ECO "D12"]
[Time "14:40:39"]
[TimeControl "2700+45"]

1. d4 d5 2. Nf3 Nf6 3. e3 Bf5 4. c4 c6 5. cxd5 cxd5 6. Nc3 g6 7. Qb3 Bc8 8. Bd2
Bg7 9. Rc1 O-O 10. Bd3 Nc6 11. O-O Na5 12. Qc2 Bd7 13. Ne5 Nc6 14. a3 Rc8 15.
Qb3 Na5 16. Qa2 Be6 17. b4 Nc6 18. f4 Ne4 19. Nxe4 dxe4 20. Bc4 Nxd4 21. exd4
Qxd4+ 22. Kh1 Rxc4 23. Rxc4 Bxc4 24. Nxc4 b5 25. Ne5 e3 26. Bc1 e6 27. Qe2 f6
28. Bxe3 Qe4 29. Nd3 f5 30. Nc5 Qc6 31. Rd1 e5 32. fxe5 Bxe5 33. Bg5 Re8 34.
Qa2+ Kh8 35. Qf7 Bg7 36. h3 Rf8 37. Rd8 Rxd8 38. Bxd8 Qd6 39. Be7 Qd1+ 40. Kh2
Be5+ 41. g3 Qe2+ 42. Kg1 Qe1+ {White resigns} 0-1

[Event "Team 45 45 League T70"]
[Site "Internet Chess Club"]
[Date "2016.10.01"]
[Round "4"]
[White "KBuccleuch"]
[Black "TheRailgun"]
[Result "1-0"]
[WhiteElo "2122"]
[BlackElo "1804"]
[Opening "Benoni: fianchetto variation"]
[ECO "A63"]
[Time "19:00:20"]
[TimeControl "2700+45"]

1. d4 Nf6 2. c4 c5 3. d5 e6 4. Nc3 exd5 5. cxd5 d6 6. g3 g6 7. Bg2 Bg7 8. Nf3
O-O 9. O-O a6 10. a4 Nbd7 11. Bf4 Qe7 12. h3 Re8 13. Re1 h6 14. e4 Nh5 15. Bd2
Ne5 16. Nxe5 Qxe5 17. a5 Bd7 18. Ra3 Rad8 19. Qc1 Kh7 20. g4 Nf6 21. Bf4 Qe7 22.
Rb3 Bc8 23. Rb6 Nd7 24. Bxd6 Qf6 25. e5 Qh4 26. Ne4 Bxe5 27. Bxe5 Rxe5 28. Nf6+
Kg7 29. Rxe5 Nxe5 30. Qc3 Qg5 31. Ne4 Qf4 32. Rf6 Rxd5 {Black resigns} 1-0

[Event "Team 45 45 League T70"]
[Site "Internet Chess Club"]
[Date "2016.10.04"]
[Round "4"]
[White "charles-allen"]
[Black "fledermaus"]
[Result "1-0"]
[WhiteElo "1871"]
[BlackElo "1853"]
[Opening "Queen's pawn: Chigorin variation"]
[ECO "D00"]
[Time "15:00:42"]
[TimeControl "2700+45"]

1. d4 d5 2. Nc3 Nf6 3. Bf4 Bf5 4. f3 e6 5. g4 Bg6 6. h4 h5 7. g5 Ng8 8. e3 Bd6
9. Nh3 Ne7 10. Qd2 c5 11. Nb5 Bxf4 12. Nxf4 a6 13. Nc3 Qd6 14. O-O-O Nbc6 15.
dxc5 Qxc5 16. Bd3 Bxd3 17. Nxd3 Qa5 18. Kb1 O-O-O 19. e4 d4 20. Ne2 Qxd2 21.
Rxd2 e5 22. Rhd1 f5 23. Nc5 fxe4 24. fxe4 Ng6 25. Ne6 Rd7 26. c3 Nxh4 27. cxd4
Nf3 28. Rc2 exd4 29. N2xd4 Nxd4 30. Rxd4 Rxd4 31. Nxd4 Kd7 32. Nf5 g6 33. Rd2+
Ke6 34. Rd6+ Ke5 35. Rxg6 Kxe4 36. Rh6 Rxh6 37. gxh6 Ne5 38. h7 Nf7 39. Nd6+
{Black resigns} 1-0

[Event "Team 45 45 League T70"]
[Site "Internet Chess Club"]
[Date "2016.10.02"]
[Round "4"]
[White "modiglani"]
[Black "Harmonicus"]
[Result "0-1"]
[WhiteElo "1813"]
[BlackElo "1957"]
[Opening "Benko's opening"]
[ECO "A00"]
[Time "08:00:35"]
[TimeControl "2700+45"]

1. g3 d5 2. Bg2 e5 3. d3 c6 4. Nf3 Nd7 5. e4 dxe4 6. dxe4 Ngf6 7. Qe2 Be7 8. O-O
O-O 9. Nc3 Qc7 10. a4 a5 11. h3 Re8 12. Be3 Nf8 13. Rfd1 Be6 14. Ng5 Rad8 15.
Nxe6 Nxe6 16. Qc4 Bf8 17. Rxd8 Rxd8 18. Rd1 Bb4 19. Rxd8+ Qxd8 20. Qd3 Qe7 21.
Ne2 h6 22. c3 Bc5 23. Bxc5 Nxc5 24. Qc4 Qd6 25. Kh2 Nd3 26. Nd4 Nxf2 27. Qe2
N2xe4 28. Bxe4 exd4 29. Bc2 dxc3 30. bxc3 g6 31. Bb3 Kg7 32. Qc4 Qd2+ 33. Kg1
Qe1+ 34. Kh2 Qf2+ 35. Kh1 Nh5 {White resigns} 0-1

[Event "Team 45 45 League T70"]
[Site "Internet Chess Club"]
[Date "2016.09.30"]
[Round "4"]
[White "tightfist"]
[Black "PolishRyszard"]
[Result "0-1"]
[WhiteElo "1487"]
[BlackElo "1806"]
[Opening "Sicilian"]
[ECO "B50"]
[Time "11:10:23"]
[TimeControl "2700+45"]

1. Nf3 c5 2. e4 d6 3. b3 Nf6 4. Bb5+ Bd7 5. Qe2 e5 6. Nc3 Nc6 7. O-O Be7 8. d3
a6 9. Bc4 Bg4 10. Be3 b5 11. Bd5 Rc8 12. Bxc6+ Rxc6 13. Nd5 Nxd5 14. exd5 Rc8
15. c4 O-O 16. h3 Bh5 17. g4 Bg6 18. Rad1 h6 19. Kg2 f5 20. gxf5 Bxf5 21. Nd2
Qd7 22. Rh1 Rf6 23. Ne4 Rg6+ 24. Ng3 Rf8 25. Qh5 Bg5 26. Qe2 Bh4 27. Qh5 Bg5 28.
Qe2 Bf4 29. Kf3 Bxg3 30. Kg2 Bxf2+ 31. Kf1 Bxh3+ 32. Rxh3 Qxh3# {White
checkmated} 0-1

[Event "Team 45 45 League T70"]
[Site "Internet Chess Club"]
[Date "2016.10.02"]
[Round "4"]
[White "PolishRyszard"]
[Black "pishd"]
[Result "1/2-1/2"]
[WhiteElo "1803"]
[BlackElo "1750"]
[Opening "Richter-Veresov attack"]
[ECO "D01"]
[Time "12:04:35"]
[TimeControl "2700+45"]

1. d4 Nf6 2. Nc3 d5 3. Bg5 Nbd7 4. f3 c6 5. Qd2 h6 6. Bh4 e5 7. e4 Nxe4 8. fxe4
Qxh4+ 9. g3 Qg5 10. Qxg5 hxg5 11. exd5 exd4 12. Ne4 Bb4+ 13. Kf2 cxd5 14. Nxg5
Ne5 15. Bb5+ Bd7 16. Bxd7+ Kxd7 17. Ne2 d3 18. cxd3 Nxd3+ 19. Kg2 f6 20. Nf3
Rae8 21. Ned4 Re4 22. Rhd1 Nxb2 23. Rdc1 Nd3 24. Rd1 Bc3 25. Rab1 Nb2 26. Rdc1
Bxd4 27. Nxd4 Rxd4 28. Rxb2 b6 29. Rbc2 Rc4 30. Rxc4 dxc4 31. Rxc4 Rc8 32. Ra4
Rc2+ 33. Kf3 a5 34. h4 Kd6 35. h5 Rh2 36. g4 Rc2 37. Kf4 Rf2+ 38. Ke3 Rc2 39.
Kf4 Rf2+ 40. Ke3 {Game drawn by mutual agreement} 1/2-1/2

[Event "Team 45 45 League T70"]
[Site "Internet Chess Club"]
[Date "2016.10.03"]
[Round "4"]
[White "elmaestro"]
[Black "volodia80"]
[Result "1/2-1/2"]
[WhiteElo "1738"]
[BlackElo "1687"]
[Opening "Sicilian: accelerated fianchetto, modern variation"]
[ECO "B34"]
[Time "15:20:42"]
[TimeControl "2700+45"]

1. e4 c5 2. Nf3 Nc6 3. d4 cxd4 4. Nxd4 g6 5. Nc3 Bg7 6. Be3 Nf6 7. Be2 O-O 8.
O-O d5 9. Nxc6 bxc6 10. e5 Nd7 11. f4 e6 12. b4 a5 13. a3 axb4 14. axb4 Bb7 15.
Qd2 Qe7 16. Na4 Rfb8 17. Nc5 Nxc5 18. Bxc5 Qd7 19. c3 Qc8 20. Ba7 Rxa7 21. Rxa7
c5 22. Rb1 Bf8 23. Kh1 cxb4 24. cxb4 Ra8 25. Rxa8 Qxa8 26. Bf3 Qa7 27. h4 h5 28.
Kh2 Be7 29. g3 Qb6 30. Kg2 Ba6 31. g4 hxg4 32. Bxg4 Bxh4 33. Rh1 Be7 34. f5 d4
35. f6 Bb7+ 36. Kf1 Bxh1 37. fxe7 Qb5+ 38. Kg1 Bd5 39. Qxd4 Qd7 40. Qc5 Kg7 41.
b5 f6 42. Qxd5 Qxd5 43. e8=Q Qd4+ 44. Kh1 Qe4+ 45. Kh2 Qxg4 46. Qe7+ Kh6 47.
Qxf6 Qe2+ 48. Kh3 Qxb5 49. Qh8+ Kg5 50. Qf6+ Kh6 51. Qf4+ Kg7 52. Qf6+ Kh6 {Game
drawn by repetition} 1/2-1/2

[Event "Team 45 45 League T70"]
[Site "Internet Chess Club"]
[Date "2016.09.29"]
[Round "4"]
[White "yyoo"]
[Black "NashGames"]
[Result "0-1"]
[WhiteElo "1824"]
[BlackElo "2136"]
[Opening "Ruy Lopez: open Berlin defense, 5...Be7"]
[ECO "C67"]
[Time "20:31:25"]
[TimeControl "2700+45"]

1. e4 e5 2. Nf3 Nc6 3. Bb5 Nf6 4. O-O Nxe4 5. d4 Be7 6. Re1 Nd6 7. dxe5 Nxb5 8.
a4 d6 9. axb5 Nxe5 10. Nxe5 dxe5 11. Qxd8+ Bxd8 12. Rxe5+ Be6 13. Nc3 O-O 14.
Be3 Bf6 15. Re4 c6 16. bxc6 bxc6 17. Rb4 a5 18. Rb6 Bf5 19. Rxc6 Bxc2 20. Nd5
Bxb2 21. Ne7+ Kh8 22. Ra2 Bf6 23. Rxf6 Rfd8 24. h3 Bb1 25. Rxa5 Rxa5 26. Rxf7
Rd1+ 27. Kh2 h6 28. Nc6 Rb5 29. Nd4 Rb6 30. Nf5 Rg6 31. Ng3 Kg8 32. Rf4 Rd5 33.
Rb4 Bc2 34. Rc4 Bd3 35. Rf4 Rd7 36. Rb4 Rc6 37. Rf4 Rc4 38. Rxc4 Bxc4 39. Ne4
Bd5 40. Nd2 Kf7 41. g4 Rd6 42. Kg3 Re6 43. h4 Ra6 44. h5 Ra4 45. g5 hxg5 46.
Bxg5 Ra5 47. Be3 Ra3 48. Kh4 Ra1 49. f3 Kg8 50. Kg4 Re1 51. Bd4 Rd1 52. Be3 Be6+
53. Kg5 Rh1 54. Ne4 Rh3 55. Bd2 Rxf3 56. h6 Rf5+ 57. Kg6 Rd5 58. h7+ Kh8 59. Bc3
Bf5+ 60. Kf7 Bxe4 61. Bxg7+ Kxh7 62. Bf8 Rf5+ 63. Ke8 Bc6+ 64. Ke7 Kg6 {White
resigns} 0-1

[Event "Team 45 45 League T70"]
[Site "Internet Chess Club"]
[Date "2016.09.30"]
[Round "4"]
[White "LiangLiang"]
[Black "zydus"]
[Result "0-1"]
[WhiteElo "1966"]
[BlackElo "1747"]
[Opening "Sicilian: Najdorf, Byrne (English) attack"]
[ECO "B90"]
[Time "22:02:13"]
[TimeControl "2700+45"]

1. e4 c5 2. Nf3 d6 3. d4 cxd4 4. Nxd4 Nf6 5. Nc3 a6 6. Be3 e5 7. Nb3 Be6 8. f3
Nbd7 9. Qd2 b5 10. g4 Nb6 11. Bxb6 Qxb6 12. h4 Be7 13. h5 h6 14. Nd5 Nxd5 15.
exd5 Bd7 16. Qf2 Qc7 17. Bd3 Bg5 18. O-O O-O 19. Nc1 Qb7 20. Be4 Kh8 21. Ne2 Bd8
22. Kg2 Bb6 23. Qh4 f5 24. gxf5 Bxf5 25. Ng3 Bh7 26. Ne2 Bd8 27. Qg4 Bg5 28. Kh1
Rf6 29. Ng3 Rf4 30. Qe6 Rf6 31. Qh3 Raf8 32. Bxh7 Kxh7 33. Ne4 Rf4 34. Qe6 Rh4+
35. Kg2 Bf4 36. Rh1 Rxh1 37. Rxh1 Qc7 38. c3 Qc4 39. Qxd6 Qe2+ 40. Nf2 Rf6 41.
Qb4 Be3 42. Qe4+ Kh8 43. Rf1 Rf4 44. d6 Rxe4 45. d7 Qd2 {White resigns} 0-1

[Event "Team 45 45 League T70"]
[Site "Internet Chess Club"]
[Date "2016.10.01"]
[Round "4"]
[White "raiserplay27"]
[Black "Signalman"]
[Result "0-1"]
[WhiteElo "1574"]
[BlackElo "1830"]
[Opening "French: advance, Wade variation"]
[ECO "C02"]
[Time "09:16:42"]
[TimeControl "2700+45"]

1. d4 e6 2. e4 d5 3. e5 c5 4. c3 Qb6 5. Nf3 Bd7 6. Nbd2 cxd4 7. cxd4 Bb5 8.
Bxb5+ Qxb5 9. Qb3 Bb4 10. a3 Bxd2+ 11. Nxd2 Qa6 12. Qg3 Nc6 13. Nb3 Nge7 14.
Qxg7 Rg8 15. Qxh7 Qc4 16. Nd2 Qxd4 17. Nf3 Qg4 18. h3 Qxg2 19. Rg1 Qxf3 20.
Rxg8+ Kd7 21. Rg3 Qh1+ 22. Kd2 Nxe5 23. Qh5 Nc4+ 24. Kc2 Rc8 25. Kb3 Na5+ 26.
Ka2 Rxc1 27. Rxc1 Qxc1 28. Qxf7 Qc4+ 29. Kb1 Nb3 30. Rg7 Nd2+ 31. Ka1 Qc1+ 32.
Ka2 Qb1# {White checkmated} 0-1

[Event "Team 45 45 League T70"]
[Site "Internet Chess Club"]
[Date "2016.10.03"]
[Round "4"]
[White "watkins"]
[Black "Rekakoma"]
[Result "0-1"]
[WhiteElo "1519"]
[BlackElo "1502"]
[Opening "English opening"]
[ECO "A25"]
[Time "12:06:12"]
[TimeControl "2700+45"]

1. c4 e5 2. g3 Nc6 3. Nc3 Bb4 4. Nd5 Bd6 5. Bg2 Nge7 6. e3 O-O 7. Ne2 Nxd5 8.
Bxd5 Ne7 9. Bg2 c6 10. O-O Bc7 11. d4 d6 12. b3 Bf5 13. Bb2 e4 14. d5 c5 15. Nc3
Ng6 16. Nxe4 Re8 17. Nd2 Ne5 18. Nf3 Bg4 19. Bxe5 Rxe5 20. Qc2 Bxf3 21. Bxf3 Qf6
22. Bg2 Rae8 23. Rab1 h5 24. h4 Bd8 25. a3 Qf5 26. Qxf5 Rxf5 27. b4 b6 28. bxc5
dxc5 29. d6 Re6 30. Bh3 g6 31. Bxf5 gxf5 32. Rfd1 Re4 33. Rbc1 f6 34. Rd5 Re5
35. Rcd1 Kf7 36. Kg2 Ke6 37. R1d3 Re4 38. Rc3 Rxc4 39. Rxc4 Kxd5 40. Rf4 Ke5 41.
f3 b5 42. Kf2 a5 43. Ke2 a4 44. e4 fxe4 45. Rxe4+ Kxd6 46. Kd3 f5 47. Re8 Bf6
48. Rb8 Kc6 49. Rf8 Bb2 50. Rxf5 Bxa3 51. Rxh5 b4 52. Kc4 b3 53. Rh6+ Kb7 54.
Rh7+ Kb6 55. Rh6+ Ka5 56. Rh8 b2 57. Rb8 Ka6 58. h5 Bb4 59. h6 b1=Q 60. h7 Qxh7
{White resigns} 0-1

[Event "Team 45 45 League T70"]
[Site "Internet Chess Club"]
[Date "2016.10.04"]
[Round "4"]
[White "Hal2001"]
[Black "RD1974"]
[Result "1/2-1/2"]
[WhiteElo "1574"]
[BlackElo "1683"]
[Opening "Sicilian: closed"]
[ECO "B23"]
[Time "18:10:54"]
[TimeControl "2700+45"]

1. e4 c5 2. Nc3 e6 3. f4 Nc6 4. Nf3 d5 5. Bb5 dxe4 6. Bxc6+ bxc6 7. Nxe4 Ba6 8.
d3 c4 9. Ne5 cxd3 10. Nxd3 Nf6 11. Nxf6+ Qxf6 12. O-O Qd4+ 13. Kh1 Rd8 14. Qf3
Qc4 15. Be3 Bd6 16. Ne5 Bxe5 17. fxe5 O-O 18. Rf2 Qd5 19. Bf4 Qxf3 20. gxf3 c5
21. Rd2 Rd5 22. Rxd5 exd5 23. Re1 Re8 24. Bd2 Bb7 25. Kg2 Re6 26. Kg3 g6 27. Bg5
a5 28. Bf6 a4 29. b3 Bc6 30. h4 h6 31. c3 Re8 32. Kf4 axb3 33. axb3 Bd7 34. Rd1
Be6 35. Ra1 d4 36. cxd4 cxd4 37. b4 Kf8 38. Rd1 Rc8 39. Rxd4 Ke8 40. Bg7 {Game
drawn by mutual agreement} 1/2-1/2